 Dungeon Crawl Stone Soup version 0.32-a0-886-g41c5271027 (webtiles) character file.

Game seed: 6469965147062278800

219 TwadoKnight the Covered (level 5, -5/47 HPs)
             Began as a Minotaur Fighter on Apr 3, 2024.
             Was a Believer of Elyvilon.
             Slain by a gnoll
             ... wielding a +0 halberd
             ... led by a gnoll bouda
              (12 damage)
             ... on level 4 of the Dungeon.
             The game lasted 00:01:46 (2471 turns).

TwadoKnight the Covered (Minotaur Fighter)          Turns: 2471, Time: 00:01:47

Health: -5/47      AC: 11    Str: 22    XL:     5   Next: 63%
Magic:  0/4        EV:  7    Int:  5    God:    Elyvilon [**....]
Gold:   207        SH:  4    Dex: 10    Spells: 4/4 levels left

rFire   . . .        a - +2 hand axe (heavy)
rCold   . . .        c - +0 buckler
rNeg    . . .        g - +0 chain mail
rPois   .            (helmet restricted)
rElec   .            v - +0 cloak
rCorr   .            (no gloves)
SInv    .            (no boots)
Will    .....        (no amulet) Stlth
                     (no ring)
HPRegen 0.27/turn    (no ring)
MPRegen 0.09/turn

%: no passive effects
@: no status effects
A: horns 2, retaliatory headbutt
a: Renounce Religion, Purification, Heal Other


You were on level 4 of the Dungeon.
You worshipped Elyvilon.
Elyvilon was pleased with you.
You visited 2 branches of the dungeon, and saw 5 of its levels.

You collected 207 gold pieces.

Inventory:

Hand Weapons
 a - a +2 heavy hand axe (weapon)
   (You found it on level 2 of the Dungeon)
 k - a +0 war axe
Armour
 b - a +0 scale mail
 c - a +0 buckler (worn)
 g - a +0 chain mail (worn)
   (You found it on level 1 of the Dungeon)
 v - a +0 cloak (worn)
   (You found it on level 4 of the Dungeon)
Scrolls
 f - 2 scrolls of enchant armour {unknown}
 h - a scroll of enchant weapon {unknown}
 i - a scroll of teleportation {unknown}
 j - 6 scrolls of identify {unknown}
 r - a scroll of noise {unknown}
 s - 3 scrolls of torment {unknown}
 u - a scroll of blinking {unknown}
 w - a scroll of fear {unknown}
Potions
 d - 2 potions of might {@q3 !q}
 e - a potion of cancellation {unknown}
 l - a potion of enlightenment {unknown}
 m - 2 potions of heal wounds {unknown}
 n - 3 potions of attraction {unknown}
 o - 2 potions of brilliance {unknown}
 p - 2 potions of curing {unknown}
 q - a potion of degeneration {unknown}
 t - a potion of magic {unknown}


   Skills:
 + Level 4.9 Fighting
 + Level 4.1 Axes
 + Level 5.0 Armour
 + Level 4.9 Shields


You had 4 spell levels left.
You didn't know any spells.
Your spell library was empty.

Dungeon Overview and Level Annotations

Branches:
Dungeon (4/15) Zot: 21554  Temple (1/1) D:4 Zot: 5915

Altars:
Ashenzari
Elyvilon
Kikubaaqudgha
Nemelex Xobeh
Okawaru
Ru
Sif Muna
Trog
Uskayaw
Vehumet
Wu Jian
Xom
Yredelemnul
Zin
The Shining One

Annotations:
D:4 1 runed translucent door, EnlightenedBush's ghost, amateur DsSh


Innate Abilities, Weirdness & Mutations

You have a pair of horns on your head.
You reflexively headbutt those who attack you in melee.


Message History

You block the jackal's attack. x2; The jackal barely misses you.
The jackal closely misses you. The jackal bites you.
You barely miss the jackal. You hit the jackal. You closely miss the jackal.
The jackal bites you but does no damage.
The jackal bites you.
The jackal bites you but does no damage.
The jackal barely misses you.
The jackal bites you but does no damage.
You block the jackal's attack.
The jackal bites you but does no damage.
You barely miss the jackal.
The jackal is heavily wounded.
You hit the jackal.
You kill the jackal!
You completely miss the jackal. The jackal closely misses you.
The jackal barely misses you.
The jackal bites you but does no damage.
You block the jackal's attack. The jackal bites you.
Your Armour skill increases to level 5!
You closely miss the jackal.
The jackal is heavily wounded.
You slash the jackal!
You kill the jackal!
The jackal bites you. The jackal closely misses you.
You hit the jackal but do no damage. You headbutt the jackal.
You kill the jackal!
No target in view!
No target in view!
No target in view!
No target in view!
No target in view!
No target in view!
No target in view!
No target in view!
HP restored.
n - 3 amethyst potions (gained 1)
You see here a jackal corpse.
Found a falchion.
You see here a +0 falchion.
You open the door.
A gnoll bouda and 4 gnolls come into view.
A gnoll is wielding a +2 antimagic flail.
A gnoll is wielding a +0 club and quivering 2 throwing nets.
The gnoll bouda shouts!
The gnoll shouts! x2
There are monsters nearby!
There are monsters nearby!
There are monsters nearby!
You barely miss the gnoll.
The gnoll hits you with a +2 antimagic flail.
The gnoll bouda barks out a call to the hunt!
The gnolls pick up the pace!
The gnoll hits you with a +2 antimagic flail.
You closely miss the gnoll. You headbutt the gnoll.
The gnoll is lightly wounded.
The gnoll hits you with a +2 antimagic flail.
You feel your power leaking away. The gnoll hits you but does no damage.
The gnoll bouda gazes fiercely through you!
You feel your attacks grow feeble.
The gnoll hits you with a +2 antimagic flail.
You feel your power leaking away.
You hit the gnoll.
The gnoll is moderately wounded.
The gnoll hits you but does no damage. x2
The gnoll hits you from afar with a +0 halberd!
You block the gnoll's attack.
You are too injured to fight recklessly!
You are too injured to fight recklessly!
You are too injured to fight recklessly!
You are too injured to fight recklessly!
You are too injured to fight recklessly!
You are too injured to fight recklessly!
You are too injured to fight recklessly!
You are too injured to fight recklessly!
You are too injured to fight recklessly!
You are too injured to fight recklessly!
You are too injured to fight recklessly!
You are too injured to fight recklessly!
You are too injured to fight recklessly!
You are too injured to fight recklessly!
You are too injured to fight recklessly!
You are too injured to fight recklessly!
You are too injured to fight recklessly!
You are too injured to fight recklessly!
You are too injured to fight recklessly!
You are too injured to fight recklessly!
The gnoll hits you with a +2 antimagic flail.
The gnoll attacks as it pursues you! You block the gnoll's attack.
Your attacks no longer feel as feeble.
The gnoll hits you with a +2 antimagic flail.
The gnoll attacks as it pursues you! The gnoll hits you but does no damage.
The gnoll attacks as it pursues you!
The gnoll hits you with a +2 antimagic flail.
The gnoll closely misses you. The gnoll attacks as it pursues you!
You block the gnoll's attack. The gnoll attacks as it pursues you!
The gnoll hits you with a +2 antimagic flail!
* * * LOW HITPOINT WARNING * * *
You feel your power leaking away.
The gnoll hits you from afar with a +0 halberd!
You die...

+....................g..'g.....
###......⌠..........g####g.....
#.#................# .....
##.#........###g##### ....
#......._...# #g# ...
##.####..)...###.# #+## #..
##.####....g# #..
##.####..########g# #.#
...........^....@.# #####.##
.#.#.#.#.#.######.# #.......
...........# #.# #.#.....
.......#.### #.# #.##....
.........# #.########.###.#.
...>...#.# #..........# #...
.........# ############ #.#.
.......#.# #.## .........## #.#


You could see 4 gnolls.

Vanquished Creatures
  An ice beast (D:4)
  4 gnolls (D:3)
  2 adders (D:2)
  A dart slug (D:1)
  A ribbon worm (D:2)
  2 bats
  6 endoplasms
  2 giant cockroaches
  3 goblins
  11 hobgoblins
  6 jackals
  10 kobolds
  4 quokkas
  4 ball pythons
  2 frilled lizards
  3 rats
62 creatures vanquished.

Notes
Turn   | Place    | Note
-------+----------+-------------------------------------------
     0 | D:1      | TwadoKnight the Minotaur Fighter began the quest for the
                  | Orb.
     0 | D:1      | Reached XP level 1. HP: 19/19 MP: 0/0
   168 | D:1      | Reached XP level 2. HP: 19/27 MP: 1/1
   399 | D:1      | Reached skill level 4 in Armour
   560 | D:1      | Reached skill level 4 in Fighting
   560 | D:1      | Reached skill level 4 in Shields
   676 | D:2      | Reached skill level 3 in Axes
   729 | D:2      | Reached XP level 3. HP: 27/33 MP: 2/2
  1239 | D:3      | Reached XP level 4. HP: 40/40 MP: 3/3
  1941 | D:3      | Found a faded altar of an unknown god.
  1944 | D:3      | Prayed at the altar of an unknown god.
  1944 | D:3      | Became a worshipper of Elyvilon the Healer
  1944 | D:3      | Reached * piety under Elyvilon
  1974 | D:4      | Found a runed translucent door.
  2004 | D:4      | Noticed EnlightenedBush's ghost (amateur DsSh)
  2142 | D:4      | Found a staircase to the Ecumenical Temple.
  2156 | D:4      | Noticed an ice beast
  2164 | D:4      | Killed an ice beast
  2165 | D:4      | Reached skill level 4 in Axes
  2165 | D:4      | Reached XP level 5. HP: 21/47 MP: 4/4
  2177 | Temple   | Entered the Ecumenical Temple
  2264 | D:4      | Found a hide-covered altar of Uskayaw.
  2271 | D:4      | Found a shimmering altar of Xom.
  2342 | D:4      | Reached ** piety under Elyvilon
  2403 | D:4      | Reached skill level 5 in Armour
  2471 | D:4      | Slain by a gnoll

Illustrated notes

Levels and vault maps discovered:
D:1:      minmay_arrival_five_plusses, layout_loops_ring, minmay_tall_x
D:2:      layout_loops_cross
D:3:      layout_basic, shapermc_ecumenical_altar_mp_vishouse,
          minmay_misc_feat_rows, serial_bayou_pond_e, minmay_strange_pillars
D:4:      layout_loops_corners, nicolae_elyvilon_temple_path,
          grunt_temple_overflow_open, minmay_temple_entry_glass,
          ebering_ghost_sewer_d
Temple:   hellmonk_temple_two_chambers

Skill      XL: |  1  2  3  4  5 |
---------------+----------------+-----
Armour         | 4 5 |  5.0
Fighting       | 4 |  4.9
Shields        | 4 |  4.9
Axes           | 3 4 |  4.1

Action                     |  1- 3 |  4- 6 || total
---------------------------+-------+-------++-------
  Melee: War axe           |    66 |       ||    66
         Headbutt          |    15 |     9 ||    24
         Hand axe          |     9 |    38 ||    47
 Armour: Scale mail        |    31 |       ||    31
         Chain mail        |    24 |    54 ||    78
  Dodge: Dodged            |    25 |    18 ||    43
  Block: Buckler           |    16 |    14 ||    30

Table legend: (Time is in decaauts)
 A = Elapsed time spent in this place.
 B = Non-inter-level travel time spent in this place.
 C = Inter-level travel time spent in this place.
 D = Time resting spent in this place.
 E = Time spent auto-exploring this place.
 F = Levels seen in this place.
 G = Mean time per level.
                   A        B        C        D        E       F      G
               +--------+--------+--------+--------+--------+-----+--------+
         Total |   2529 |   2464 |     65 |     83 |   1934 |   5 |  505.8 |
       Dungeon |   2444 |   2379 |     65 |      0 |   1934 |   4 |  611.0 |
        Temple |     84 |     84 |      0 |     83 |      0 |   1 |   84.0 |
               +--------+--------+--------+--------+--------+-----+--------+

Top non-repeatable levels by time:
     D:3: 766 daAuts
     D:1: 689 daAuts
     D:2: 555 daAuts
     D:4: 432 daAuts
  Temple: 84 daAuts
